 Dungeon Crawl Stone Soup version 0.32-a0-999-gfa1cc04b1d (webtiles) character file.

Game seed: 1047828986518022796

2 Cancer the Sneak (level 1, -1/16 HPs)
             Began as an Octopode Delver on Apr 24, 2024.
             Slain by an iguana (7 damage)
             ... on level 6 of the Dungeon.
             The game lasted 00:02:50 (315 turns).

Cancer the Sneak (Octopode Delver)                   Turns: 315, Time: 00:02:50

Health: -1/16      AC:  1    Str: 11    XL:     1   Next: 30%
Magic:  1/1        EV: 12    Int: 12    God:
Gold:   11         SH:  0    Dex: 13    Spells: 0/0 levels left

rFire   . .          .
                       - Unarmed
rCold   . . .        (no shield)
rNeg    . . .        (helmet restricted)
rPois   .            (no amulet)
rElec   .            (no ring)
rCorr   .            (no ring)
SInv    .            (no ring)
Will    .....        (no ring)
Stlth   ++++         (no ring)
HPRegen 0.22/turn    (no ring)
MPRegen 0.07/turn    (no ring)
                     (no ring)

%: no passive effects
@: no status effects
A: almost no armour, amphibious, 8 rings, camouflage 1, gelatinous body 1,
(nimble swimmer 1), tentacles
a: no special abilities


You were on level 6 of the Dungeon.
You visited 1 branch of the dungeon, and saw 2 of its levels.

You collected 11 gold pieces.

Inventory:

Missiles
 g - 4 poisoned darts (quivered)
Wands
 e - a wand of digging (3)
Scrolls
 a - a scroll of fog
 b - a scroll of revelation
 c - a scroll of fear
Potions
 d - a potion of haste
 f - a potion of enlightenment {unknown}


   Skills:
 - Level 3.0 Fighting
 - Level 2.0 Dodging
 + Level 6.7 Stealth
 - Level 2.0 Unarmed Combat


You couldn't memorise any spells.
You didn't know any spells.
Your spell library was empty.

Dungeon Overview and Level Annotations

Branches:
Dungeon (6/15)
 Temple: D:4-7

Altars:

Annotations:
D:5 exclusions: 3 hounds and howler monkey
D:6 exclusions: iguana and scorpion, Jeremiah


Innate Abilities, Weirdness & Mutations

You cannot wear most types of armour.
You are amphibious.
You can wear up to eight rings at the same time.
Your skin changes colour to match your surroundings (Stealth+).
Your rubbery body absorbs attacks. (AC +1, EV +1)
((You are camouflaged when in or above water. (Stealth+)))
You have tentacles for arms and can constrict up to eight enemies at once.


Message History

There is a stone staircase leading down here.
You climb downwards.
There is a stone staircase leading up here.
An orc comes into view. It is wielding a +0 whip.
Found 11 gold pieces.
You now have 11 gold pieces.
Jeremiah, Barachi Dreamer comes into view.
They are wielding a +3 trident of draining, wearing an orb of energy and carrying a wand of roots.
The helpless orc fails to defend itself.
You tentacle-slap the orc. You grab the orc.
The orc is almost dead.
You constrict the orc.
You kill the orc!
Things that are here:
a +0 whip; an orc corpse
Found a granite statue.
A scorpion comes into view.
An orc priest comes into view. It is wielding a +0 mace.
Unknown command.
Unknown command.
Things that are here:
a +0 whip; an orc corpse
Press: ? - help, v - describe, . - travel The floor.
Unknown command.
Unknown command.
Found a scroll labelled PIKEGH ZIHUPNI.
An iguana comes into view.
The iguana hisses angrily.
The iguana moves out of view.
Unknown command.
Unknown command.
Things that are here:
a +0 whip; an orc corpse You tentacle-slap the iguana but do no damage.
You grab the iguana. You constrict the iguana. The iguana bites you!
Ouch! That really hurt!
You tentacle-slap the iguana.
The iguana is lightly wounded.
You constrict the iguana. The iguana bites you!
You die...

##########
##########........###+#
#....l@................
#.########.####........
#.# #.# #......ßs #.#
#.# #........ #.# #.#
#........ #l#
#.####.#.###+# #.#
#.#....### #.# #.#.####
#.# #.#.#


You could see an iguana.

Vanquished Creatures
  An orc (D:6)
1 creature vanquished.

Notes
Turn   | Place    | Note
-------+----------+-------------------------------------------
     0 | D:5      | Cancer the Octopode Delver began the quest for the Orb.
     0 | D:5      | Reached XP level 1. HP: 16/16 MP: 1/1
    43 | D:5      | Noticed a howler monkey
    83 | D:5      | Noticed a hound
   101 | D:5      | Noticed a hound
   133 | D:5      | Noticed a hound
   147 | D:5      | Noticed a scorpion
   167 | D:6      | Noticed an iguana
   193 | D:6      | Noticed Jeremiah
   218 | D:6      | Noticed a scorpion
   239 | D:6      | Noticed an orc priest
   284 | D:6      | Noticed an iguana
   315 | D:6      | Slain by an iguana

Illustrated notes

Levels and vault maps discovered:
D:5:      layout_loops_ring, grunt_temple_overflow_open, st_stairs_5,
          minmay_lizard_king
D:6:      layout_loops_ring, minmay_three_doors, uniq_pikel, uniq_jeremiah

Action                     || total
---------------------------++-------
  Melee: Unarmed           ||     3
         Constrict         ||     2
   Stab: Sleeping          ||     1
 Armour: Skin              ||     2

Table legend: (Time is in decaauts)
 A = Elapsed time spent in this place.
 B = Non-inter-level travel time spent in this place.
 C = Inter-level travel time spent in this place.
 D = Time resting spent in this place.
 E = Time spent auto-exploring this place.
 F = Levels seen in this place.
 G = Mean time per level.
                   A        B        C        D        E       F      G
               +--------+--------+--------+--------+--------+-----+--------+
         Total |    314 |    314 |      0 |      0 |      0 |   2 |  157.0 |
       Dungeon |    314 |    314 |      0 |      0 |      0 |   2 |  157.0 |
               +--------+--------+--------+--------+--------+-----+--------+

Top non-repeatable levels by time:
     D:5: 167 daAuts
     D:6: 147 daAuts
